 Dungeon Crawl Stone Soup version 0.28-a0-1568-g77cbbf62ba (webtiles) character file.

Game seed: 12026181641580721566

2713 Gargoyl the Fighter (level 9, -3/74 HPs)
             Began as a Gnoll Abyssal Knight on Jan 20, 2022.
             Was an Elder of Lugonu.
             Slain by Harold (9 damage)
             ... on level 7 of the Dungeon.
             The game lasted 00:10:08 (8231 turns).

Gargoyl the Fighter (Gnoll Abyssal Knight)          Turns: 8231, Time: 00:10:08

Health: -3/74      AC: 12    Str: 23    XL:     9   Next: 66%
Magic:  15/15      EV: 14    Int: 10    God:    Lugonu [****..]
Gold:   330        SH:  0    Dex: 12    Spells: 16/16 levels left

rFire   . . .      SeeInvis .   a - +2 hand axe
rCold   . . .      Faith    .   (no shield)
rNeg    . . .      Spirit   .   n - +0 chain mail
rPois   .          Reflect  .   (no helmet)
rElec   .          Harm     .   j - +0 cloak
rCorr   .          Rampage  .   e - +0 pair of gloves
Will    .....                   (no boots)
Stlth   ..........              (no amulet)
HPRegen 0.22/turn               b - +6 ring of strength
MPRegen 0.14/turn               q - +4 ring of evasion

@: marked
A: fangs 1, strong nose, distributed training
a: Renounce Religion, Depart the Abyss, Bend Space, Banish, Corrupt


You were on level 7 of the Dungeon.
You worshipped Lugonu.
Lugonu was greatly pleased with you.
You visited 1 branch of the dungeon, and saw 7 of its levels.
You visited the Abyss 1 time.

You collected 354 gold pieces.
You spent 24 gold pieces at shops.

Inventory:

Hand Weapons
 a - a +2 hand axe (weapon)
Missiles
 k - a javelin (quivered)
 t - a silver javelin
 u - 3 poisoned darts
Armour
 e - a +0 pair of gloves (worn)
 j - a +0 cloak (worn)
 n - a +0 chain mail (worn)
Jewellery
 b - a +6 ring of strength (left hand)
 f - a ring of magical power
 g - a ring of protection from cold
 q - a +4 ring of evasion (right hand)
Wands
 h - a wand of polymorph (7)
Scrolls
 r - 2 scrolls of teleportation
 v - a scroll of identify
Potions
 c - a potion of heal wounds
 d - 2 potions of flight
 i - 5 potions of curing
 l - a potion of lignification
 m - a potion of invisibility {unknown}
 o - a potion of haste {unknown}
 p - a potion of degeneration {unknown}
 w - a potion of brilliance


   Skills:
 + Level 8.0 Fighting
 + Level 4.4 Short Blades
 + Level 4.4 Long Blades
 + Level 6.5 Axes
 + Level 4.4 Maces & Flails
 + Level 4.4 Polearms
 + Level 4.4 Staves
 + Level 4.4 Slings
 + Level 4.4 Bows
 + Level 4.4 Crossbows
 + Level 4.4 Throwing
 + Level 6.5 Armour
 + Level 5.2 Dodging
 + Level 4.4 Stealth
 + Level 4.4 Shields
 + Level 4.4 Unarmed Combat
 + Level 4.4 Spellcasting
 + Level 3.7 Conjurations
 + Level 3.7 Hexes
 + Level 3.7 Summonings
 + Level 3.7 Necromancy
 + Level 3.7 Translocations
 + Level 3.7 Transmutations
 + Level 3.7 Fire Magic
 + Level 3.7 Ice Magic
 + Level 3.7 Air Magic
 + Level 3.7 Earth Magic
 + Level 3.7 Poison Magic
 + Level 6.8 Invocations
 + Level 4.4 Evocations


You had 16 spell levels left.
You didn't know any spells.
Your spell library contained the following spells:

 Spells                   Type           Power      Damage    Failure   Level
 Animate Skeleton         Necr           18%        N/A       36%         1
 Apportation              Tloc           18%        N/A       36%         1
 Summon Small Mammal      Summ           36%        N/A       36%         1
 Ensorcelled Hibernation  Hex/Ice        18%        N/A       50%         2
 Static Discharge         Conj/Air       9%         N/A       50%         2
 Conjure Flame            Conj/Fire      9%         6-21      73%         3
 Ignite Poison            Fire/Tmut/Pois 9%         N/A       73%         3
 Spider Form              Tmut/Pois      9%         N/A       73%         3
 Tukima's Dance           Hex            9%         N/A       73%         3
 Anguish                  Hex/Necr       4%         N/A       98%         4
 Dispel Undead            Necr           9%         3d8       98%         4
 Passage of Golubria      Tloc           9%         N/A       98%         4
 Sticky Flame             Conj/Fire      9%         2d3       98%         4
 Yara's Violent Unravell  Hex/Tmut       4%         3d4       100%        5


Dungeon Overview and Level Annotations

Branches:
Dungeon (7/15)             Temple (0/1) D:6

Altars:
Fedhas
Hepliaklqana
Ru
Trog
Vehumet
Xom
Yredelemnul

Shops:
D:5 (

Annotations:
D:7 Harold


Innate Abilities, Weirdness & Mutations

You have very sharp teeth.
Your uncanny sense of smell can sniff out nearby items.
Your experience applies equally to all skills.


Message History

Harold is heavily wounded.
The javelin pierces through the orc!
You kill the orc!
Lugonu accepts your kill. Harold barely misses you.
Throw: 4 javelins
Press: ? - help, Q - select action, (/) - cycle Shift-Dir - straight line, f/p - Harold
Aim: Harold, wielding a +0 halberd and wearing a +0 scale mail (heavily wounded, poisoned, 74% to hit)
You throw a javelin. The javelin pierces through Harold!
Harold is heavily wounded.
Harold hits you from afar with a +0 halberd!!
Throw: 3 javelins
Press: ? - help, Q - select action, (/) - cycle Shift-Dir - straight line, f/p - Harold
Aim: Harold, wielding a +0 halberd and wearing a +0 scale mail (severely wounded, poisoned, 74% to hit)
You throw a javelin. The javelin pierces through Harold!
Harold is severely wounded.
Harold looks more healthy.
Harold hits you but does no damage.
Harold hits you from afar with a +0 halberd!
Throw: 2 javelins
Press: ? - help, Q - select action, (/) - cycle Shift-Dir - straight line, f/p - Harold
Aim: Harold, wielding a +0 halberd and wearing a +0 scale mail (severely wounded, 74% to hit)
You throw a javelin. The javelin pierces through Harold!
Harold is almost dead.
Harold hits you from afar with a +0 halberd!
Harold misses you.
You slash Harold!
Harold is almost dead.
Harold misses you.
You hit Harold. You punch Harold, but do no damage.
Harold is almost dead.
Harold hits you with a +0 halberd!!
* * * LOW HITPOINT WARNING * * *
You barely miss Harold. You bite Harold, but do no damage.
Harold is almost dead.
Harold points at you and mumbles some strange words.
A sentinel's mark forms upon you.
You barely miss Harold. You bite Harold, but do no damage.
Harold is almost dead.
Harold hits you with a +0 halberd!
You die...

#.#..(. .. ..(..
#. ..<.. .###.###
... #......... ..(
#.####..#.
#.######......#.#.
#.#....# #.......
#@#.##.#.###..#.##
#@#..#.#..........
#.##.#.####.#.#..#
∆ #(...#.#
#.#....# ######.#
#......# #......#
#....#.# #.######
#....... #.#....#
#..####. #.#.##.#
##.#.... #.#..#.#
..#.###


You could see Harold.

Vanquished Creatures
  Grinder (D:6)
  A steam dragon (D:6)
  An acid dragon (D:5)
  A water moccasin (D:5)
  A black bear (D:6)
  A sky beast (D:6)
  A hornet zombie (D:7)
  A necrophage (D:5)
  A centaur (D:6)
  A phantom (D:4)
  A bullfrog (D:6)
  8 scorpions
  A water moccasin zombie (D:6)
  2 water moccasin skeletons
  A howler monkey (D:5)
  3 hounds (D:6)
  2 jellies (D:6)
  2 orc priests (D:4)
  3 bullfrog skeletons
  5 iguanas
  Terence (D:3)
  A scorpion zombie (D:5)
  An orc wizard (D:4)
  2 killer bee zombies
  A hound zombie (D:5)
  2 hound skeletons
  A howler monkey zombie (D:7)
  12 gnolls
  11 adders
  A river rat (D:4)
  2 white imps
  An ufetubus (D:4)
  An adder skeleton (D:4)
  3 worms
  2 dart slugs
  8 orcs
  12 bats
  3 endoplasms
  3 giant cockroaches
  9 goblins
  3 hobgoblins
  7 jackals
  5 quokkas
  8 ball pythons
  4 frilled lizards
  12 kobolds
  6 rats
160 creatures vanquished.

Vanquished Creatures (others)
  11 fungi (D:4)
11 creatures vanquished.

Grand Total: 171 creatures vanquished

Notes
Turn   | Place    | Note
-------+----------+-------------------------------------------
     0 | Abyss:1  | Gargoyl the Gnoll Abyssal Knight began the quest for the
                  | Orb.
     0 | Abyss:1  | Reached XP level 1. HP: 23/23 MP: 3/3
    63 | Abyss:1  | Noticed a neqoxec
    64 | D:1      | Escaped the Abyss
   202 | D:1      | Reached * piety under Lugonu
   205 | D:1      | Reached XP level 2. HP: 24/29 MP: 5/5
   470 | D:1      | Found a faded altar of an unknown god.
   501 | D:1      | Reached XP level 3. HP: 35/35 MP: 6/6
  1165 | D:2      | Reached skill level 1 in Short Blades
  1165 | D:2      | Reached skill level 1 in Long Blades
  1165 | D:2      | Reached skill level 1 in Maces & Flails
  1165 | D:2      | Reached skill level 1 in Polearms
  1165 | D:2      | Reached skill level 1 in Staves
  1165 | D:2      | Reached skill level 1 in Slings
  1165 | D:2      | Reached skill level 1 in Bows
  1165 | D:2      | Reached skill level 1 in Crossbows
  1165 | D:2      | Reached skill level 1 in Throwing
  1165 | D:2      | Reached skill level 1 in Stealth
  1165 | D:2      | Reached skill level 1 in Shields
  1165 | D:2      | Reached skill level 1 in Unarmed Combat
  1165 | D:2      | Reached skill level 1 in Spellcasting
  1165 | D:2      | Reached skill level 1 in Evocations
  1432 | D:2      | Reached XP level 4. HP: 40/41 MP: 7/7
  1684 | D:2      | Identified the +0 barding of Sif Muna's Envy {Fly rElec
                  | MP+9 Dex-3}
  1774 | D:2      | Reached ** piety under Lugonu
  1859 | D:3      | Found a bloodstained altar of Trog.
  2036 | D:3      | Found a blossoming altar of Fedhas.
  2071 | D:3      | Noticed Terence
  2083 | D:3      | Killed Terence
  2084 | D:3      | Reached skill level 1 in Conjurations
  2084 | D:3      | Reached skill level 1 in Hexes
  2084 | D:3      | Reached skill level 1 in Summonings
  2084 | D:3      | Reached skill level 1 in Necromancy
  2084 | D:3      | Reached skill level 1 in Translocations
  2084 | D:3      | Reached skill level 1 in Transmutations
  2084 | D:3      | Reached skill level 1 in Fire Magic
  2084 | D:3      | Reached skill level 1 in Ice Magic
  2084 | D:3      | Reached skill level 1 in Air Magic
  2084 | D:3      | Reached skill level 1 in Earth Magic
  2084 | D:3      | Reached skill level 1 in Poison Magic
  2228 | D:3      | Found a radiant altar of Vehumet.
  2230 | D:3      | Found a basalt altar of Yredelemnul.
  2411 | D:3      | Reached XP level 5. HP: 36/47 MP: 8/8
  2965 | D:4      | Found a hazy altar of Hepliaklqana.
  2970 | D:4      | Found a shimmering altar of Xom.
  2971 | D:4      | Noticed a spectral ugly thing
  3267 | D:4      | Reached skill level 5 in Axes
  3267 | D:4      | Reached skill level 5 in Armour
  3267 | D:4      | Reached skill level 5 in Invocations
  3267 | D:4      | Reached XP level 6. HP: 40/53 MP: 7/9
  3442 | D:4      | Reached XP level 7. HP: 19/59 MP: 10/10
  3443 | D:4      | Reached skill level 7 in Fighting
  3646 | D:4      | Found the +7 Singing Sword {vorpal, sonic wave}
  3800 | D:4      | Reached *** piety under Lugonu
  4998 | D:5      | Entered Level 5 of the Dungeon
  5126 | D:5      | Reached XP level 8. HP: 32/67 MP: 12/12
  5833 | D:5      | Found Noem's Firing Range.
  5865 | D:5      | Bought 5 poisoned darts for 24 gold pieces
  6595 | D:6      | Found a sacrificial altar of Ru.
  6607 | D:6      | Noticed Grinder
  6611 | D:6      | Killed Grinder
  6612 | D:6      | Reached XP level 9. HP: 73/73 MP: 14/14
  6963 | D:6      | HP: 2/73 [something (13)]
  7344 | D:6      | Reached **** piety under Lugonu
  7358 | D:6      | Reached skill level 5 in Dodging
  7595 | D:6      | Found a staircase to the Ecumenical Temple.
  7871 | D:6      | Reached skill level 8 in Fighting
  8215 | D:7      | Noticed Harold
  8231 | D:7      | Slain by Harold

Illustrated notes

Levels and vault maps discovered:
D:1:      dpeg_arrival_rooms_c, layout_loops_ring,
          nicolae_ecumenical_snake_handling
D:2:      layout_basic
D:3:      layout_basic, chequers_temple_overflow_statue_of_worship,
          mainiacjoe_overflow_surrounded_room, lemuel_crystal_altar,
          uniq_terence
D:4:      old_forge, layout_basic, regret_index_temple_of_mockery,
          serial_curves, eino_curves_01, eino_curves_01,
          lightli_sewer_entry_pipes, skrybe_limestone_x
D:5:      layout_basic, minmay_misc_feat_five, kennysheep_cross_bottleneck,
          nicolae_shop_firing_range
D:6:      minmay_recursive_quarters, layout_loops_ring,
          overflow_temple_1_default, temple_fountains, st_stairs_4, uniq_grinder
D:7:      layout_basic, grunt_temple_overflow_open, patterned_corridor,
          uniq_harold

Skill      XL: |  1  2  3  4  5  6  7  8  9 |
---------------+----------------------------+-----
Short Blades   | 1 2 3 4 |  4.4
Long Blades    | 1 2 3 4 |  4.4
Maces & Flails | 1 2 3 4 |  4.4
Polearms       | 1 2 3 4 |  4.4
Staves         | 1 2 3 4 |  4.4
Slings         | 1 2 3 4 |  4.4
Bows           | 1 2 3 4 |  4.4
Crossbows      | 1 2 3 4 |  4.4
Throwing       | 1 2 3 4 |  4.4
Stealth        | 1 2 3 4 |  4.4
Shields        | 1 2 3 4 |  4.4
Unarmed Combat | 1 2 3 4 |  4.4
Spellcasting   | 1 2 3 4 |  4.4
Evocations     | 1 2 3 4 |  4.4
Conjurations   | 1 2 3 |  3.7
Hexes          | 1 2 3 |  3.7
Summonings     | 1 2 3 |  3.7
Necromancy     | 1 2 3 |  3.7
Translocations | 1 2 3 |  3.7
Transmutations | 1 2 3 |  3.7
Fire Magic     | 1 2 3 |  3.7
Ice Magic      | 1 2 3 |  3.7
Air Magic      | 1 2 3 |  3.7
Earth Magic    | 1 2 3 |  3.7
Poison Magic   | 1 2 3 |  3.7
Dodging        | 3 4 5 |  5.2
Axes           | 5 6 |  6.5
Armour         | 5 6 |  6.5
Invocations    | 5 6 |  6.8
Fighting       | 7 8 |  8.0

Action                   |  1- 3 |  4- 6 |  7- 9 || total
-------------------------+-------+-------+-------++-------
Melee: Hand axe          |   103 |   101 |   311 ||   515
       Bite              |     3 |     6 |    39 ||    48
       Punch             |       |       |     8 ||     8
Throw: Javelin           |       |    31 |    70 ||   101
       Dart              |       |       |     3 ||     3
Invok: Depart the Abyss  |     1 |       |       ||     1
       Bend Space        |       |     1 |       ||     1
Evoke: Wand              |       |       |     1 ||     1
  Use: Scroll            |     4 |     1 |     5 ||    10
       Potion            |       |     1 |     1 ||     2
 Stab: Distracted        |       |       |     1 ||     1
Armor: Leather armour    |     7 |       |       ||     7
       Ring mail         |    34 |    66 |    75 ||   175
       Chain mail        |       |       |    73 ||    73
Dodge: Dodged            |    73 |    81 |   271 ||   425

Table legend: (Time is in decaauts)
 A = Elapsed time spent in this place.
 B = Non-inter-level travel time spent in this place.
 C = Inter-level travel time spent in this place.
 D = Time resting spent in this place.
 E = Time spent auto-exploring this place.
 F = Levels seen in this place.
 G = Mean time per level.
                   A        B        C        D        E       F      G
               +--------+--------+--------+--------+--------+-----+--------+
         Total |   8312 |   8175 |    137 |    502 |   6060 |   8 | 1039.0 |
       Dungeon |   8248 |   8111 |    137 |    502 |   5998 |   7 | 1178.3 |
         Abyss |     64 |     64 |      0 |      0 |     62 |   1 |   64.0 |
               +--------+--------+--------+--------+--------+-----+--------+

Top non-repeatable levels by time:
     D:4: 2091 daAuts
     D:6: 1718 daAuts
     D:5: 1229 daAuts
     D:3: 1147 daAuts
     D:2: 932 daAuts
     D:1: 824 daAuts
     D:7: 304 daAuts
 Abyss:1: 64 daAuts
